 Dungeon Sprint DCSS version 0.29-a0-830-gcb1280458a (webtiles) character file.

Game seed: 2708748726436564663

800 Conn the Arsonist (level 7, 0/43 HPs)
             Began as an Octopode Fire Elementalist on July 12, 2022.
             Was a High Priest of Sif Muna.
             Engulfed by a steam dragon's steam (9 damage)
             ... in the Dungeon (Sprint VII: "The Pits").
             The game lasted 00:07:01 (974 turns).

Conn the Arsonist (Octopode Fire Elementalist)       Turns: 974, Time: 00:07:06

Health: 0/43       AC:  1    Str:  7    XL:     7   Next: 90%
Magic:  14/19      EV: 14    Int: 20    God:    Sif Muna [*****.]
Gold:   0          SH:  0    Dex: 12    Spells: 5/24 levels left

rFire   . . .      SeeInvis .   k - +4 long sword (holy)
rCold   . . .      Faith    .   (no shield)
rNeg    . . .      Spirit   .   (helmet restricted)
rPois   .          Reflect  .   (no amulet)
rElec   .          Harm     .   (no ring)
rCorr   .          Rampage  .   (no ring)
Will    .....      NoTele   +   (no ring)
Stlth   ++++......              (no ring)
HPRegen 0.14/turn               (no ring)
MPRegen 0.16/turn               (no ring)
                                (no ring)
                                (no ring)

@: no status effects
A: almost no armour, amphibious, 8 rings, camouflage 1, gelatinous body 1,
(nimble swimmer 1), tentacles
a: Renounce Religion, Channel Magic, Forget Spell, Divine Exegesis


You were in the Dungeon.
You worshipped Sif Muna.
Sif Muna was extremely pleased with you.
You visited 1 branch

Inventory:

Hand Weapons
 j - a +2 falchion
 k - a +4 long sword of holy wrath (weapon)
Scrolls
 f - a scroll of blinking
 h - 5 scrolls of amnesia
Potions
 a - 5 potions of magic
 b - 6 potions of curing
 c - 6 potions of heal wounds
 d - a potion of haste
 e - 3 potions of berserk rage
 g - 2 potions of invisibility


   Skills:
 + Level 1.2 Fighting
 + Level 3.4 Long Blades
 + Level 4.4 Dodging
 + Level 6.3 Stealth
 * Level 9.2 Spellcasting
 * Level 5.2 Conjurations
 + Level 1.1 Hexes
 + Level 11.0 Fire Magic


You had 5 spell levels left.
You knew the following spells:

 Your Spells              Type           Power      Damage    Failure   Level
a - Foxfire               Conj/Fire      100%       2x1d9     1%          1
b - Conjure Flame         Conj/Fire      41%        6-21      1%          3
c - Inner Flame           Hex/Fire       33%        N/A       1%          3
d - Flame Wave            Conj/Fire      41%        2d9       2%          4
e - Scorch                Fire           100%       2d10      1%          2
f - Starburst             Conj/Fire      20%        6d7       38%         6

Your spell library contained the following spells:

 Spells                   Type           Power      Damage    Failure   Level
 Passwall                 Tmut/Erth      7%         N/A       12%         2
 Ignition                 Fire           26%        3d9       99%         8
 Lehudib's Crystal Spear  Conj/Erth      9%         10d4      100%        8


Dungeon Overview and Level Annotations

Branches:
Dungeon (1/1)

Altars:
Ashenzari
Cheibriados
Dithmenos
Elyvilon
Fedhas
Gozag
Hepliaklqana
Kikubaaqudgha
Makhleb
Nemelex Xobeh
Okawaru
Qazlal
Ru
Sif Muna
Trog
Uskayaw
Vehumet
Wu Jian
Xom
Yredelemnul
Zin
The Shining One
Jiyva
Lugonu


Innate Abilities, Weirdness & Mutations

You cannot wear most types of armour.
You are amphibious.
You can wear up to eight rings at the same time.
Your skin changes colour to match your surroundings (Stealth+).
Your rubbery body absorbs attacks. (AC +1, EV +1)
((You are camouflaged when in or above water. (Stealth+)))
You have tentacles for arms and can constrict up to eight enemies at once.


Message History

Your small abomination barely misses the jumping spider.
The jumping spider closely misses your small abomination.
The jumping spider barely misses your small abomination.
The steam dragon breathes steam at you.
The ball of steam hits your small abomination!
The ball of steam misses you.
Unknown command.
The jumping spider pounces on your small abomination.
The jumping spider bites your small abomination.
Your small abomination hits the jumping spider.
The steam dragon closely misses your small abomination.
The steam dragon claws your small abomination but does no damage.
There is an open door here.
You see here a +0 giant club.
What are your orders? t - Shout!
Orders for allies: a - Attack new target. r - Retreat! s - Stop attacking. g - Guard the area. f - Follow me.
Anything else - Cancel.
Guard this area!
The jumping spider leaps!
Your small abomination hits the steam dragon.
The jumping spider pounces on you. The jumping spider bites you.
The steam dragon bites your small abomination but does no damage.
The steam dragon claws your small abomination.
Your small abomination is destroyed!
Your small abomination dissolves into shadows!
Really wriggle into that cloud of steam?
Okay, then.
Casting: Scorch (safe; 1% risk of failure)
Confirm with . or Enter, or press ? or * to list all spells.
Okay, then.
Really wriggle into that cloud of steam?
You swap places.
The jumping spider attacks as you move away!
The jumping spider pounces on you!
* * * LOW HITPOINT WARNING * * *
The jumping spider barely misses you.
You are engulfed in a cloud of scalding steam.
You die...

#.####'##'###...<...##..#
#.#..†.....##.......##..#
#.#........##.......##..#.
#'###########.......##..+.
#)).....#..###########..+.
#).#.#..#†###### #..+.
#.##.##.#s#.)..# #..#.
#.......#x#....# #..#.
#.##.##.#@§D...+ #..##
#..#.#..#)#°...# #..#
#.......†.#....# #..#
########### ####


You could see a jumping spider, a steam dragon (catching breath, ally target)
and a friendly small abomination (summoned).

Vanquished Creatures
  A kobold demonologist (D)
  A warg (D)
  A floating eye (D)
  An ogre (D)
  A bullfrog (D)
  3 orc priests (D)
  A hound (D)
  A mummy (D)
  A gnoll (D)
  An adder (D)
  An ufetubus (D)
  5 orcs (D)
  A bat skeleton (D)
  An endoplasm (D)
  A giant cockroach (D)
  2 jackals (D)
  A bat (D)
  3 frilled lizards (D)
  A kobold (D)
28 creatures vanquished.

Vanquished Creatures (others)
  53 foxfires (D)
53 creatures vanquished.

Grand Total: 81 creatures vanquished

Notes
Turn   | Place    | Note
-------+----------+-------------------------------------------
     0 | D        | Conn the Octopode Fire Elementalist began the quest for the
                  | Orb.
     0 | D        | Reached XP level 1. HP: 11/11 MP: 3/3
    54 | D        | Found a glowing golden altar of the Shining One.
    54 | D        | Found a glowing silver altar of Zin.
    54 | D        | Found a basalt altar of Yredelemnul.
    54 | D        | Found a shimmering altar of Xom.
    54 | D        | Found an ornate altar of the Wu Jian Council.
    54 | D        | Found a bloodstained altar of Trog.
    54 | D        | Found a shimmering blue altar of Sif Muna.
    54 | D        | Found a sacrificial altar of Ru.
    54 | D        | Found a stormy altar of Qazlal.
    54 | D        | Found an iron altar of Okawaru.
    54 | D        | Found a sparkling altar of Nemelex Xobeh.
    54 | D        | Found a burning altar of Makhleb.
    54 | D        | Found a viscous altar of Jiyva.
    54 | D        | Found a hazy altar of Hepliaklqana.
    54 | D        | Found an opulent altar of Gozag.
    54 | D        | Found a blossoming altar of Fedhas.
    54 | D        | Found a white marble altar of Elyvilon.
    54 | D        | Found a shadowy altar of Dithmenos.
    54 | D        | Found a snail-covered altar of Cheibriados.
    55 | D        | Found a radiant altar of Vehumet.
    55 | D        | Found a corrupted altar of Lugonu.
    56 | D        | Found an ancient bone altar of Kikubaaqudgha.
    56 | D        | Found a hide-covered altar of Uskayaw.
    56 | D        | Found a broken altar of Ashenzari.
    57 | D        | Became a worshipper of Sif Muna the Loreminder
    78 | D        | Reached skill level 4 in Fire Magic
    78 | D        | Reached XP level 2. HP: 11/17 MP: 0/5
   195 | D        | Reached * piety under Sif Muna
   196 | D        | Noticed a floating eye
   197 | D        | Paralysed by a floating eye for 2 turns
   201 | D        | Killed a floating eye
   202 | D        | Reached skill level 7 in Fire Magic
   202 | D        | Reached XP level 3. HP: 21/21 MP: 1/8
   202 | D        | Reached XP level 4. HP: 27/27 MP: 1/10
   280 | D        | Reached ** piety under Sif Muna
   389 | D        | Learned a level 2 spell: Scorch
   393 | D        | Learned a level 3 spell: Conjure Flame
   397 | D        | Learned a level 3 spell: Inner Flame
   420 | D        | Reached *** piety under Sif Muna
   421 | D        | Reached skill level 1 in Long Blades
   421 | D        | Reached skill level 8 in Fire Magic
   421 | D        | Reached XP level 5. HP: 31/31 MP: 0/12
   439 | D        | Reached skill level 5 in Stealth
   552 | D        | Noticed a centaur warrior
   552 | D        | Noticed a water moccasin
   552 | D        | Noticed a deep elf zephyrmancer
   588 | D        | Reached **** piety under Sif Muna
   589 | D        | Reached skill level 5 in Spellcasting
   662 | D        | Reached skill level 9 in Fire Magic
   662 | D        | Reached XP level 6. HP: 37/37 MP: 9/14
   672 | D        | Reached ***** piety under Sif Muna
   672 | D        | Received a gift from Sif Muna
   673 | D        | Got Sif Muna's Omnibus of Arenous Kindling {god gift}
   751 | D        | Learned a level 4 spell: Flame Wave
   787 | D        | Noticed a kobold demonologist
   792 | D        | Killed a kobold demonologist
   793 | D        | Reached skill level 10 in Fire Magic
   793 | D        | Reached XP level 7. HP: 37/42 MP: 9/18
   845 | D        | Noticed a warg
   851 | D        | Killed a warg
   852 | D        | Reached skill level 1 in Fighting
   852 | D        | Reached skill level 5 in Conjurations
   852 | D        | Reached skill level 1 in Hexes
   862 | D        | Reached skill level 11 in Fire Magic
   965 | D        | Learned a level 6 spell: Starburst
   965 | D        | Noticed a jumping spider
   967 | D        | Noticed a steam dragon
   974 | D        | Engulfed by a steam dragon's steam

Illustrated notes

Levels and vault maps discovered:
D:        pitsprint [storerooms_1, entrance_room_1, metal_vault_1, armoury_3,
          mini_pit_1, grid_room_1, main_hall_1, silver_pit, the_coven_3,
          the_vestibule_1, steel_vault_2, golden_pit, hallway_of_sentries,
          crystal_vault_4, iron_vault_2, final_vault]

Skill      XL: |  1  2  3  4  5  6  7 |
---------------+----------------------+-----
Stealth        | 3 4 5 6 |  6.3
Fire Magic     | 4 7 8 9 10 11 | 11.0
Dodging        | 3 4 |  4.4
Spellcasting   | 4 5 8 9 |  9.2
Long Blades    | 1 2 3 |  3.4
Conjurations   | 2 3 4 5 |  5.2
Fighting       | 1 |  1.2
Hexes          | 1 |  1.1

Action                   |  1- 3 |  4- 6 |  7- 9 || total
-------------------------+-------+-------+-------++-------
Melee: Falchion          |     3 |     1 |       ||     4
       Constrict         |     1 |     2 |       ||     3
       Long sword        |       |     3 |       ||     3
       Tentacles         |       |     1 |       ||     1
 Cast: Foxfire           |     8 |    21 |     5 ||    34
       Scorch            |       |     7 |     2 ||     9
       Inner Flame       |       |     2 |     3 ||     5
       Conjure Flame     |       |     2 |     1 ||     3
  Use: Scroll            |       |       |     1 ||     1
Armor: Skin              |     1 |     1 |       ||     2
Dodge: Dodged            |     5 |     5 |     4 ||    14

Table legend: (Time is in decaauts)
 A = Elapsed time spent in this place.
 B = Non-inter-level travel time spent in this place.
 C = Inter-level travel time spent in this place.
 D = Time resting spent in this place.
 E = Time spent auto-exploring this place.
 F = Levels seen in this place.
 G = Mean time per level.
                   A        B        C        D        E       F      G
               +--------+--------+--------+--------+--------+-----+--------+
         Total |    975 |    975 |      0 |    423 |    168 |   1 |  975.0 |
       Dungeon |    975 |    975 |      0 |    423 |    168 |   1 |  975.0 |
               +--------+--------+--------+--------+--------+-----+--------+

Top non-repeatable levels by time:
       D: 975 daAuts
